 Dungeon Crawl Stone Soup version 0.21-a0-154-gb5400c9 (webtiles) character file.

26153 namelastname112 the Quickloader (level 12, -5/108 HPs)
             Began as a Yellow Draconian Wanderer on Aug 2, 2017.
             Was a High Priest of Dithmenos.
             Killed from afar by a fire dragon (39 damage)
             ... with a blast of flame
             ... on level 14 of the Dungeon.
             The game lasted 00:25:40 (16925 turns).

namelastname112 the Quickloader (DrWn)             Turns: 16925, Time: 00:25:42

Health: -5/108     AC: 15    Str: 18    XL:     12   Next: 95%
Magic:  12/12      EV: 17    Int: 11    God:    Dithmenos [*****.]
Gold:   427        SH:  0    Dex: 14    Spells: 11/11 levels left

rFire    . . .     SeeInvis .   b - +4 short sword (elec)
rCold    . . .     Gourm    .   (no shield)
rNeg     . . .     Faith    +   (armour unavailable)
rPois    .         Spirit   .   (helmet restricted)
rElec    .         Reflect  .   D - +2 cloak
rCorr    +         Harm     .   I - +0 pair of gloves
MR       .....                  N - +2 pair of boots {Stlth+}
Stlth    ++++++....             Q - amulet of faith
HPRegen  0.28/turn              (no ring)
MPRegen  0.13/turn              (no ring)

@: short of breath, flying, wreathed by umbra
A: spit acid, acid resistance, unfitting armour, big wings, cold-blooded, AC +8
a: Breathe Acid, Stop Flying, Shadow Step, Shadow Form, Renounce Religion


You were on level 14 of the Dungeon.
You worshipped Dithmenos.
Dithmenos was extremely pleased with you.
You were not hungry.

You visited 2 branches of the dungeon, and saw 15 of its levels.

You collected 644 gold pieces.
You spent 217 gold pieces at shops.

Inventory:

Hand Weapons
 a - a +1 hand crossbow of venom
 b - a +4 short sword of electrocution (weapon)
 l - a +2 long sword of holy wrath
 v - the +7 dagger of Roufyrgheo {pain, *Noise MR+ Str-5 Dex+9}
   (You found it on level 13 of the Dungeon)

   In the hands of one skilled in necromantic magic, it inflicts extra damage on
   living creatures.
   It affects your strength (-5).
   It affects your dexterity (+9).
   It affects your resistance to hostile enchantments.
   It may make noises in combat.
 U - the +9 dagger "Teogrit" {venom, MR+}
   (You found it on level 13 of the Dungeon)

   It poisons the flesh of those it strikes.
   It affects your resistance to hostile enchantments.
 W - the +6 long sword of the Turnip {slice, rF+ MR- Int+4}
   (You found it on level 14 of the Dungeon)

   It inflicts extra damage upon your enemies.
   It affects your intelligence (+4).
   It protects you from fire.
   It affects your resistance to hostile enchantments.
Missiles
 c - 36 bolts
Armour
 D - a +2 cloak (worn)
 I - a +0 pair of gloves (worn)
 N - a +2 pair of boots of stealth (worn)
Jewellery
 Q - an amulet of faith (around neck)
Wands
 h - a wand of enslavement (8/24)
 j - a wand of confusion (30/48)
 G - a wand of polymorph (6/24)
 L - a wand of digging (16/24)
 P - a wand of lightning (7/15)
 R - a wand of polymorph (6/24)
 T - a wand of polymorph (13/24)
 V - a wand of polymorph (10/24)
Scrolls
 i - a scroll of fog
 k - 3 scrolls of teleportation
 n - 2 scrolls of enchant armour
 s - 4 scrolls of magic mapping
 y - 3 scrolls of recharging
 A - 4 scrolls of enchant weapon
 M - a scroll of amnesia
Potions
 d - a potion of curing
 e - a potion of berserk rage
 g - a potion of magic
 m - a potion of ambrosia {unknown}
 o - 3 potions of haste
 r - 2 potions of mutation
 u - 2 potions of brilliance {unknown}
 x - 2 potions of resistance {unknown}
 B - a potion of invisibility
 E - a potion of lignification {unknown}
 F - 3 potions of flight
 H - a potion of heal wounds {unknown}
 J - 4 potions of agility {unknown}
 Z - a potion of cancellation {unknown}
Books
 q - a book of Changes

   Spells                             Type                      Level
   a - Beastly Appendage              Transmutation                1
   b - Sticks to Snakes               Transmutation                2
   c - Spider Form                    Transmutation/Poison         3
   d - Ice Form                       Ice/Transmutation            4
   e - Blade Hands                    Transmutation                5
 t - a book of Battle

   Spells                             Type                      Level
   a - Infusion                       Charms                       1
   b - Shroud of Golubria             Charms/Translocation         2
   c - Song of Slaying                Charms                       2
   d - Spectral Weapon                Hexes/Charms                 3
   e - Regeneration                   Charms/Necromancy            3
 C - a Young Poisoner's Handbook

   Spells                             Type                      Level
   a - Sting                          Conjuration/Poison           1
   b - Poisonous Vapours              Poison/Air                   2
   c - Mephitic Cloud                 Conjuration/Poison/Air       3
   d - Olgreb's Toxic Radiance        Poison                       4
   e - Venom Bolt                     Conjuration/Poison           5
 O - a book of Cantrips

   Spells                             Type                      Level
   a - Confusing Touch                Hexes                        1
   b - Animate Skeleton               Necromancy                   1
   c - Summon Small Mammal            Summoning                    1
   d - Apportation                    Translocation                1
 S - a book of Frost

   Spells                             Type                      Level
   a - Freeze                         Ice                          1
   b - Throw Frost                    Conjuration/Ice              2
   c - Ozocubu's Armour               Charms/Ice                   3
   d - Throw Icicle                   Conjuration/Ice              4
   e - Summon Ice Beast               Ice/Summoning                4
Comestibles
 f - 9 bread rations
 w - 13 fruits
 z - 4 meat rations
 K - 3 royal jellies


   Skills:
 + Level 10.8 Fighting
 + Level 9.4 Long Blades
 * Level 11.9 Crossbows
 + Level 8.5 Dodging
 + Level 8.9 Stealth


You had 11 spell levels left.
You didn't know any spells.

Dungeon Overview and Level Annotations

Branches:
Dungeon (14/15)            Temple (1/1) D:4            Lair (0/6) D:11
    Orc (0/2) D:11
 Vaults: D:13-14

Altars:
Ashenzari
Cheibriados
Dithmenos
Elyvilon
Fedhas
Gozag
Hepliaklqana
Kikubaaqudgha
Makhleb
Nemelex Xobeh
Okawaru
Qazlal
Ru
Sif Muna
Trog
Uskayaw
Vehumet
Wu Jian
Xom
Yredelemnul
Zin
The Shining One

Shops:
D:4 [}   D:14 (

Annotations:
D:10 KristoblXynda's ghost, journeyman TrFi
D:12 Rupert
D:14 Sonja


Innate Abilities, Weirdness & Mutations

You can spit globs of acid.
You are resistant to acid.
Your golden yellow scales are hard. (AC +8)
You cannot fit into any form of body armour.
You are cold-blooded and may be slowed by cold attacks.
Your large and strong wings let you fly indefinitely.


Message History

You puncture the fire dragon!
The fire dragon is almost dead.
The fire dragon breathes flames at you. The blast of flame hits you!
You take 20 damage, and have 51/108 hp.
You are too injured to fight recklessly!
You are too injured to fight recklessly!
You hit the fire dragon but do no damage.
The fire dragon is almost dead.
The fire dragon bites you! The fire dragon claws you.
The fire dragon tramples you.
You are shoved backwards!
You are too injured to fight recklessly!
You take 17 damage, and have 34/108 hp.
You hit the fire dragon.
Lightning courses through the fire dragon!
You tail-slap the fire dragon.
The fire dragon is almost dead.
The fire dragon breathes flames at you. The blast of flame hits you!
You die...

....#..#....#..#....
## #..####.#..#..#...
.####.......#..#..#..#
.#..#.......#..'..+.(#
.'..#..#....#..####K.#
##..#.......#.....#..#
....#.......#........#
..[.'.......#....D...#
....#..†....#...@..>.#
######################


You could see a fire dragon and Sonja.

Vanquished Creatures
  An orc warlord (D:13)
  An ettin (D:13)
  A deep elf high priest (D:13)
  A hydra (D:13)
  2 centaur warriors (D:13)
  2 two-headed ogres
  A deep troll earth mage (D:13)
  The ghost of KarmaPolice the Fighter, a novice VSFi of Cheibriados (D:9)
  A fire crab (D:13)
  2 unseen horrors
  Pikel (D:8)
  2 wolf spiders (D:13)
  The ghost of Gorice the Reanimator, a novice DsNe (D:6)
  3 manticores
  A cyclops (D:11)
  2 centaur skeletons (D:13)
  Maurice (D:8)
  A black mamba (shapeshifter) (D:13)
  Joseph (D:9)
  Psyche (D:8)
  A gargoyle (D:9)
  An efreet (D:13)
  4 trolls
  A polar bear (shapeshifter) (D:13)
  A slime creature (D:13)
  3 hippogriffs
  A shadow (D:13)
  A vampire (D:14)
  A wyvern (D:10)
  11 yaks
  A hog (shapeshifter) (D:13)
  A hungry ghost (D:13)
  2 vampire mosquitoes (D:13)
  Menkaure (D:6)
  4 wargs (D:11)
  An acid dragon (D:11)
  A soldier ant (D:11)
  2 hell hounds (D:11)
  Duvessa (D:7)
  5 ice beasts
  7 orc warriors
  4 sky beasts
  2 slaves (D:8)
  A black bear (D:11)
  An eye of draining (D:13)
  2 phantoms
  2 necrophages
  3 centaurs
  4 ogres
  3 bullfrogs
  A wyvern zombie (D:6)
  Dowan (D:7)
  3 scorpions
  22 killer bees
  7 howler monkeys
  11 crimson imps
  2 centaur zombies
  3 bullfrog skeletons
  4 hounds
  3 jellies
  Crazy Yiuf (D:7)
  9 orc priests
  Jessica (D:3)
  18 orc wizards
  Natasha (thrice) (D:3 D:6)
  5 worker ants
  A killer bee zombie (D:7)
  A hound zombie (D:5)
  Robin (D:4)
  3 worker ant zombies
  A howler monkey skeleton (D:5)
  7 adders
  2 shadow imps
  3 oozes
  An adder zombie (D:10)
  2 adder skeletons
  A dart slug (D:1)
  4 worms
  6 leopard geckos
  45 orcs
  5 giant cockroaches
  16 goblins
  9 hobgoblins
  18 jackals
  3 quokkas
  9 bats
  3 frilled lizards
  5 kobolds
  A leopard gecko skeleton (D:6)
  A leopard gecko zombie (D:5)
  5 rats
347 creatures vanquished.

Vanquished Creatures (others)
  A necrophage (D:8)
  A leopard gecko (D:8)
  6 orcs (D:8)
8 creatures vanquished.

Grand Total: 355 creatures vanquished

Notes
Turn   | Place    | Note
-------+----------+-------------------------------------------
     0 | D:1      | namelastname112 the Draconian Wanderer began the quest for the Orb.
     0 | D:1      | namelastname112 set off with: a +2 falchion, a +0 hand crossbow, 22 bolts, a potion of curing, a +0 dagger, a bread ration
     0 | D:1      | Reached XP level 1. HP: 22/22 MP: 1/1
    64 | D:1      | Reached XP level 2. HP: 9/28 MP: 2/2
   451 | D:1      | Reached XP level 3. HP: 34/34 MP: 3/3
   774 | D:2      | Reached skill level 1 in Dodging
   833 | D:2      | Found a radiant altar of Vehumet.
   851 | D:2      | Reached skill level 2 in Crossbows
  1248 | D:2      | Reached XP level 4. HP: 33/41 MP: 4/4
  1685 | D:3      | Reached skill level 5 in Fighting
  1752 | D:3      | Found a sacrificial altar of Ru.
  1866 | D:3      | Noticed Jessica
  1878 | D:3      | Killed Jessica
  1878 | D:3      | Reached XP level 5. HP: 44/48 MP: 5/5
  1939 | D:3      | Found a hide-covered altar of Uskayaw.
  2110 | D:3      | Noticed Natasha
  2116 | D:3      | Killed Natasha
  2116 | D:3      | Reached skill level 3 in Crossbows
  2363 | D:3      | Noticed Natasha
  2368 | D:3      | Killed Natasha
  2486 | D:4      | Noticed Robin
  2721 | D:4      | Killed Robin
  2721 | D:4      | Reached XP level 6. HP: 22/56 MP: 6/6
  2863 | D:4      | Found a staircase to the Ecumenical Temple.
  3097 | D:4      | Found a glowing golden altar of the Shining One.
  3232 | D:4      | Found Zubeburch's Gadget Shoppe.
  3241 | D:4      | Found Cexe's Antique Armour Emporium.
  3644 | D:5      | Entered Level 5 of the Dungeon
  3782 | D:5      | Noticed an ice beast
  3791 | D:5      | Killed an ice beast
  3791 | D:5      | Reached skill level 4 in Crossbows
  3795 | D:5      | Your scales start taking on a golden yellow colour.
  3795 | D:5      | Reached XP level 7. HP: 46/62 MP: 7/7
  3943 | Temple   | Entered the Ecumenical Temple
  4067 | Temple   | Became a worshipper of Dithmenos the Shadowed
  4723 | D:5      | Reached skill level 5 in Crossbows
  4927 | D:6      | Noticed Natasha
  4932 | D:6      | Killed Natasha
  4932 | D:6      | Reached XP level 8. HP: 66/71 MP: 8/8
  5036 | D:6      | Reached * piety under Dithmenos
  5159 | D:6      | Noticed Gorice's ghost (novice DsNe)
  5200 | D:6      | Killed Gorice's ghost
  5200 | D:6      | Reached skill level 6 in Crossbows
  5661 | D:6      | Noticed Menkaure
  5669 | D:6      | Killed Menkaure
  5669 | D:6      | Reached skill level 5 in Long Blades
  5961 | D:6      | Reached XP level 9. HP: 79/79 MP: 9/9
  6240 | D:7      | Found a runed door.
  6310 | D:7      | Noticed Crazy Yiuf
  6315 | D:7      | Killed Crazy Yiuf
  6366 | D:7      | Found a snail-covered altar of Cheibriados.
  6534 | D:6      | Reached skill level 7 in Crossbows
  6674 | D:6      | Reached ** piety under Dithmenos
  6674 | D:6      | Reached skill level 5 in Stealth
  6928 | D:7      | Gained mutation: Your large and strong wings let you fly indefinitely. [mutagenic meat]
  6967 | D:7      | Reached skill level 5 in Dodging
  7283 | D:7      | Found a deep blue altar of Sif Muna.
  7527 | D:7      | Noticed Duvessa
  7527 | D:7      | Noticed Dowan
  7547 | D:7      | Killed Duvessa
  7560 | D:7      | Killed Dowan
  7723 | D:7      | Reached XP level 10. HP: 88/88 MP: 10/10
  7783 | D:4      | Bought a pair of glowing boots for 217 gold pieces
  7884 | D:8      | Noticed Psyche
  7894 | D:8      | Killed Psyche
  7894 | D:8      | Reached skill level 8 in Crossbows
  7969 | D:8      | Found a sparkling altar of Nemelex Xobeh.
  8053 | D:8      | Noticed Pikel
  8077 | D:8      | Killed Pikel
  8208 | D:8      | Killed an unseen horror
  8352 | D:8      | Reached *** piety under Dithmenos
  8954 | D:8      | Noticed Maurice
  8961 | D:8      | Killed Maurice
  9341 | D:9      | Reached skill level 9 in Crossbows
  9390 | D:9      | Noticed a gargoyle
  9406 | D:9      | Killed a gargoyle
  9448 | D:9      | Noticed KarmaPolice's ghost (novice VSFi)
  9464 | D:9      | Killed KarmaPolice's ghost
  9822 | D:9      | Noticed Joseph
  9836 | D:9      | Killed Joseph
  9836 | D:9      | Reached XP level 11. HP: 90/97 MP: 11/11
 10359 | D:10     | Entered Level 10 of the Dungeon
 10375 | D:10     | Found a shadowy altar of Dithmenos.
 10893 | D:10     | Noticed KristoblXynda's ghost (journeyman TrFi)
 11218 | D:10     | Reached **** piety under Dithmenos
 11613 | D:10     | Noticed a two-headed ogre
 11620 | D:10     | Killed a two-headed ogre
 11620 | D:10     | Reached skill level 10 in Crossbows
 11989 | D:11     | Found a staircase to the Lair.
 12520 | D:11     | Found a shattered altar of Ashenzari.
 12999 | D:11     | Found a staircase to the Orcish Mines.
 13295 | D:12     | Noticed Rupert
 13574 | D:13     | Reached XP level 12. HP: 91/106 MP: 12/12
 13714 | D:13     | Reached ***** piety under Dithmenos
 13901 | D:13     | Noticed a fire dragon
 13967 | D:13     | Noticed an ettin
 13995 | D:13     | Killed an ettin
 13995 | D:13     | Reached skill level 10 in Fighting
 13995 | D:13     | Reached skill level 11 in Crossbows
 14371 | D:13     | Noticed a centaur warrior
 14436 | D:13     | Noticed a tengu reaver
 14439 | D:13     | Noticed a deep troll earth mage
 14731 | D:13     | Noticed a centaur warrior
 14737 | D:13     | Killed a centaur warrior
 14924 | D:13     | Noticed a two-headed ogre
 14930 | D:13     | Killed a two-headed ogre
 15121 | D:13     | Killed a deep troll earth mage
 15421 | D:13     | Got a crystal dagger
 15424 | D:13     | Identified the +7 dagger of Roufyrgheo {pain, *Noise MR+ Str-5 Dex+9} (You found it on level 13 of the Dungeon)
 15529 | D:13     | Noticed a six-headed hydra
 15531 | D:13     | Noticed an orc warlord
 15541 | D:13     | Killed a six-headed hydra
 15860 | D:13     | Killed an orc warlord
 15920 | D:13     | Killed a centaur warrior
 16280 | D:13     | Noticed a deep elf high priest
 16281 | D:13     | Noticed a yaktaur captain
 16536 | D:13     | Killed a deep elf high priest
 16618 | D:13     | Got a warped dagger
 16741 | D:14     | Got a dazzling long sword
 16744 | D:14     | Identified the +6 long sword of the Turnip {slice, rF+ MR- Int+4} (You found it on level 14 of the Dungeon)
 16750 | D:14     | Identified the +9 dagger "Teogrit" {venom, MR+} (You found it on level 13 of the Dungeon)
 16865 | D:14     | Found Rusone's Weapon Emporium.
 16910 | D:14     | Noticed a fire dragon
 16923 | D:14     | Noticed Sonja
 16925 | D:14     | Killed from afar by a fire dragon

Vault maps used:
D:1:      matt_arrival_los_fun, st_stairs_7
D:2:      vehumet_crystals
D:3:      nicolae_overflow_hidden_temple, lemuel_doored_altar,
          minmay_misc_feat_more_columns, uniq_natasha, uniq_jessica
D:4:      nicolae_tso_carved_into_rock, minmay_temple_entry_junction,
          serial_shops, shop, nicolae_shop_window_shopping, uniq_robin
D:5:      minmay_opposing_rooms, first_bread
D:6:      uniq_menkaure
D:7:      slow_altar_1, kennysheep_mini_moat, uniq_duvessa,
          uniq_crazy_yiuf_cottage
D:8:      basic_altar, uniq_psyche, uniq_maurice, uniq_pikel
D:9:      uniq_joseph
D:10:     basic_altar
D:11:     minmay_lair_entry_lava, minmay_orc_entry_guard_dogs, ashenzari_altar_1
D:12:     serial_shops, nicolae_shop_temple_entry_statues_fountains,
          uniq_gastronok, uniq_rupert
D:13:     minmay_tearing_corner
D:14:     david_vaults_4, serial_shops, shop, uniq_sonja
Temple:   eino_temple_rhombus

Skill      XL: |  1  2  3  4  5  6  7  8  9 10 11 12 |
---------------+-------------------------------------+-----
Dodging        | 1 2 3 4 5 6 7 8 |  8.5
Crossbows      | 2 3 4 5 6 7 9 10 11 | 11.9
Fighting       | 5 6 7 8 9 10 | 10.8
Long Blades    | 3 4 5 6 7 8 9 |  9.4
Stealth        | 3 4 5 6 7 8 |  8.9

Action                   |  1- 3 |  4- 6 |  7- 9 | 10-12 || total
-------------------------+-------+-------+-------+-------++-------
Melee: Falchion          |    31 |       |       |       ||    31
       Tailslap          |     7 |     9 |    37 |    76 ||   129
       Short sword       |    37 |   147 |   331 |   463 ||   978
       Long sword        |       |       |       |     2 ||     2
 Fire: Hand crossbow     |       |       |    26 |   303 ||   329
 Abil: Breathe Acid      |       |       |     4 |    13 ||    17
       Fly               |       |       |     1 |       ||     1
Evoke: Wand              |       |       |       |     3 ||     3
  Use: Scroll            |       |       |       |    26 ||    26
       Potion            |       |       |       |     3 ||     3
 Stab: Sleeping          |     2 |     7 |     7 |    17 ||    33
       Distracted        |       |       |       |     1 ||     1
  Eat: Chunk             |     1 |     6 |    14 |    20 ||    41
       Royal jelly       |       |     1 |       |     1 ||     2
       Fruit             |       |       |     1 |       ||     1
       Meat ration       |       |       |       |     2 ||     2
Armor: Skin              |    24 |    28 |   114 |   164 ||   330
Dodge: Dodged            |    40 |    67 |   268 |   449 ||   824
       Rpst.: Falchion   |    11 |       |       |       ||    11
